 Dungeon Crawl Stone Soup version 0.20.0-7-g3b7b877 (webtiles) character file.

405 rutigerpupkin the Shield-Bearer (level 6, -10/40 HPs)
             Began as a Gargoyle Fighter on May 29, 2017.
             Mangled by an ogre
             ... wielding a +0 giant spiked club
              (11 damage)
             ... on level 4 of the Dungeon.
             The game lasted 00:06:09 (2443 turns).

rutigerpupkin the Shield-Bearer (Gargoyle Fighter)  Turns: 2443, Time: 00:06:09

Health: -10/40     AC: 19    Str: 20    XL:     6   Next: 87%
Magic:  6/6        EV:  5    Int:  8    God:
Gold:   180        SH: 10    Dex: 11    Spells: 5/5 levels left

rFire    . . .     SeeInvis .   u - +1 morningstar (crush)
rCold    . . .     Gourm    +   c - +0 shield
rNeg     + + +     Faith    .   m - +4 chain mail {rN+}
rPois    ∞         Spirit   .   (no helmet)
rElec    +         Reflect  .   (no cloak)
rCorr    .         Harm     .   (no gloves)
MR       .....                  w - +0 pair of boots
Stlth    ..........             b - amulet of the gourmand
Regen    0.2/turn               g - ring of positive energy
MPRegen  0.1/turn               (no ring)

@: no status effects
A: negative energy resistance 1, electricity resistance, unbreathing,
petrification resistance, rot immunity, AC +4
a: no special abilities


You were on level 4 of the Dungeon.
You were completely stuffed.

You visited 1 branch of the dungeon, and saw 4 of its levels.

You collected 180 gold pieces.

Inventory:

Hand Weapons
 u - a +1 morningstar of crushing (weapon)
Missiles
 s - 5 needles of paralysis
Armour
 c - a +0 shield (worn)
 m - a +4 chain mail of positive energy (worn)
 w - a +0 pair of boots (worn)
Magical Staves
 l - an uncursed staff of summoning
Jewellery
 b - an amulet of the gourmand (around neck)
 g - a ring of positive energy (left hand)
Scrolls
 e - 4 scrolls of identify {unknown}
 j - a scroll of blinking {unknown}
 n - a scroll of recharging {unknown}
 p - a scroll of fog {unknown}
Potions
 a - a potion of ambrosia {unknown}
 d - 2 potions of might
 i - a potion of berserk rage {unknown}
 k - a potion of cancellation {unknown}
 o - a potion of agility {unknown}
 t - a potion of haste {unknown}
 v - a potion of flight {unknown}
 x - a potion of heal wounds {unknown}
Comestibles
 f - 2 bread rations
 h - 2 royal jellies
 q - a meat ration
 r - 2 chunks of flesh


   Skills:
 + Level 5.0 Fighting
 + Level 3.9 Maces & Flails
 + Level 4.9 Armour
 + Level 5.0 Shields


You had 5 spell levels left.
You didn't know any spells.

Dungeon Overview and Level Annotations

Branches:
Dungeon (4/15)
 Temple: D:4-7

Altars:
Ashenzari
Kikubaaqudgha
Makhleb
Sif Muna
Uskayaw
Xom


Innate Abilities, Weirdness & Mutations

You are resistant to torment.
Your stone body is resilient. (AC +4)
You are immune to poison.
You resist negative energy. (rN+)
You are resistant to electric shocks. (rElec)
You can survive without breathing.
You are immune to petrification.
You are immune to rotting.


Message History

The ogre shouts!
An orc comes into view.
The orc shouts!
Found a royal jelly.
An orc comes into view. It is wielding a club.
The orc shouts!
The ogre hits you with a giant spiked club!
You completely miss the ogre. You block the ogre's attack.
You closely miss the ogre.
The ogre hits you with a giant spiked club!
Your shield and chain mail prevent you from hitting the ogre.
The ogre hits you with a giant spiked club!
You sock the ogre!
The ogre is heavily wounded.
The ogre hits you with a giant spiked club!
* * * LOW HITPOINT WARNING * * *
Your shield prevents you from hitting the ogre.
The ogre is heavily wounded.
The ogre hits you with a giant spiked club!
You die...

# ##.## #.##.### .#
#.##...###......##.##
#....#...#......#...
####.<.#.#.........#
#...##.##.....##.#
#.####...........# #.
######.###... #.
#...##.#.#.## #.
#..oO@.......
#..o##.#.#.##
#.....##.%
#.......##.#
.....o....# .#
###.......# #
##.....## .#...##
.##.##.


You could see an ogre and 2 orcs.

Vanquished Creatures
  An ogre (D:3)
  A bullfrog (D:3)
  Jessica (D:3)
  Terence (D:2)
  A worker ant (D:4)
  7 gnolls
  3 adders
  2 oozes
  2 worms
  A leopard gecko (D:3)
  5 orcs (D:3)
  6 ball pythons
  11 bats
  2 giant cockroaches (D:3)
  9 goblins
  3 hobgoblins (D:2)
  6 kobolds
  2 quokkas
  5 frilled lizards
  3 rats
72 creatures vanquished.

Notes
Turn   | Place    | Note
-------+----------+-------------------------------------------
     0 | D:1      | rutigerpupkin the Gargoyle Fighter began the quest for the Orb.
     0 | D:1      | Reached XP level 1. HP: 14/14 MP: 1/1
   142 | D:1      | Reached XP level 2. HP: 19/19 MP: 2/2
   471 | D:2      | Found a shimmering altar of Xom.
   558 | D:2      | Found a shattered altar of Ashenzari.
   563 | D:2      | Reached XP level 3. HP: 23/23 MP: 3/3
   975 | D:2      | Noticed Terence
   984 | D:2      | Killed Terence
   984 | D:2      | Reached XP level 4. HP: 22/29 MP: 4/4
  1025 | D:2      | Found an ancient bone altar of Kikubaaqudgha.
  1271 | D:2      | Found a burning altar of Makhleb.
  1514 | D:3      | Noticed Jessica
  1517 | D:3      | Killed Jessica
  1563 | D:3      | Found a hide-covered altar of Uskayaw.
  1589 | D:3      | Reached XP level 5. HP: 27/33 MP: 5/5
  1740 | D:3      | Found a deep blue altar of Sif Muna.
  1802 | D:3      | Noticed an ogre
  1886 | D:3      | Killed an ogre
  1886 | D:3      | Reached XP level 6. HP: 38/39 MP: 6/6
  2422 | D:4      | Reached skill level 5 in Fighting
  2422 | D:4      | Reached skill level 5 in Shields
  2442 | D:4      | HP: 1/40 [ogre/giant spiked club (16)]
  2443 | D:4      | Mangled by an ogre

Skill      XL: |  1  2  3  4  5  6 |
---------------+-------------------+-----
Armour         | 4 |  4.9
Fighting       | 4 5 |  5.0
Shields        | 4 5 |  5.0
Maces & Flails | 3 |  3.9

Action                   |  1- 3 |  4- 6 || total
-------------------------+-------+-------++-------
Melee: Flail             |   118 |    41 ||   159
       Morningstar       |       |   112 ||   112
  Eat: Chunk             |       |    21 ||    21
Armor: Scale mail        |    79 |       ||    79
       Chain mail        |       |    94 ||    94
Dodge: Dodged            |    42 |    36 ||    78
Block: Shield            |    71 |    77 ||   148
